 Dungeon Crawl Stone Soup version 0.29.0-3-gbb0933ed62 (webtiles) character file.

Game seed: 4781595682956794403

3469 MeatBomb the Basher (level 9, -8/105 HPs)
             Began as a Minotaur Berserker on Aug 25, 2022.
             Was an Elder of Trog.
             Killed from afar by a wretched star (10 damage)
             ... with a lance of force
             ... on level 1 of the Abyss.
             The game lasted 02:01:33 (5799 turns).

MeatBomb the Basher (Minotaur Berserker)            Turns: 5799, Time: 02:01:34

Health: -8/105     AC:  8    Str: 26    XL:     9   Next: 79%
Magic:  8/8        EV: 15    Int:  4    God:    Trog [****..]
Gold:   298        SH:  0    Dex: 14    Spells: 8/8 levels left

rFire   + . .      SeeInvis .   i - +6 quarterstaff of Uncertain Death {spect, Dex+4}
rCold   . . .      Faith    .   (shield currently unavailable)
rNeg    . . .      Spirit   .   D - +1 ring mail {rF+}
rPois   +          Reflect  .   (helmet restricted)
rElec   .          Harm     .   E - +1 cloak
rCorr   .          Rampage  .   (no gloves)
Will    .....                   (no boots)
Stlth   ..........              (no amulet)
HPRegen 0.27/turn               q - ring of poison resistance
MPRegen 0.11/turn               G - +4 ring of evasion

@: berserking, very quick
A: horns 2, retaliatory headbutt
a: Renounce Religion, Berserk, Trog's Hand, Brothers in Arms


You were on level 1 of the Abyss.
You worshipped Trog.
Trog was greatly pleased with you.
You visited 1 branch of the dungeon, and saw 6 of its levels.
You visited the Abyss 1 time.

You collected 298 gold pieces.

Inventory:

Hand Weapons
 a - a +5 dire flail of holy wrath
 b - a +0 sling
 i - the +6 quarterstaff of Uncertain Death (weapon) {spect, Dex+4}
   (You found it on level 6 of the Dungeon)

   When its wielder attacks, the weapon's spirit leaps out and strikes again.
   The spirit shares a part of any damage it takes with its wielder.
   Dex:       It affects your dexterity (+4).
 o - a +0 long sword of flaming
 x - a +2 short sword of venom
Missiles
 d - 41 stones (quivered)
 k - 3 poisoned darts
Armour
 m - a +0 plate armour
 C - a +0 buckler
 D - a +1 ring mail of fire resistance (worn)
 E - a +1 cloak (worn)
Jewellery
 c - a ring of see invisible
 q - a ring of poison resistance (left hand)
 G - a +4 ring of evasion (right hand)
Wands
 n - a wand of paralysis (3)
 p - a wand of flame (38)
 u - a wand of iceblast (8)
 w - a wand of digging (5)
Scrolls
 e - 3 scrolls of teleportation
 f - 2 scrolls of identify
 v - a scroll of fear {unknown}
Potions
 g - a potion of flight {unknown}
 h - 2 potions of resistance
 j - 2 potions of curing
 l - a potion of cancellation {unknown}
 r - 2 potions of attraction
 s - a potion of mutation {unknown}
 t - a potion of might {unknown}
 B - a potion of haste {unknown}
 F - 2 potions of heal wounds


   Skills:
 - Level 3.6 Fighting
 - Level 8.0(11.5) Axes
 - Level 12.8(14.2) Maces & Flails
 * Level 6.0(10.3) Staves
 - Level 2.4 Armour
 - Level 2.1 Dodging
 + Level 3.1 Stealth


You had 8 spell levels left.
You didn't know any spells.
Your spell library was empty.

Dungeon Overview and Level Annotations

Branches:
Dungeon (6/15)
 Temple: D:4-7

Altars:
Elyvilon
Okawaru
Qazlal
Sif Muna
Vehumet
Wu Jian
Xom
Yredelemnul
Zin

Portals:
Abyss: D:6

Annotations:
D:6 1 transporter


Innate Abilities, Weirdness & Mutations

You have a pair of horns on your head.
You reflexively headbutt those who attack you in melee.


Message History

The raiju blinks! x2
A red film seems to cover your vision as you go berserk!
You feel yourself moving faster!
You feel mighty!
A wretched star comes into view.
The raiju closely misses you.
The raiju bursts into living lightning!
The living lightning hits you.
* * * LOW HITPOINT WARNING * * *
The raiju blinks!
The wretched star moves out of view.
You are too injured to fight recklessly!
You are too injured to fight recklessly!
You bludgeon the raiju!! Your headbutt misses the raiju.
The raiju is heavily wounded.
Your +6 quarterstaff of Uncertain Death {spect, Dex+4} misses the raiju.
The raiju bursts into living lightning!
The living lightning hits you!
* * * LOW HITPOINT WARNING * * *
The raiju blinks!
The raiju bursts into living lightning!
The living lightning hits you!
* * * LOW HITPOINT WARNING * * *
The raiju blinks!
You bludgeon the raiju!! Your headbutt misses the raiju.
The raiju is almost dead.
Your +6 quarterstaff of Uncertain Death {spect, Dex+4} hits the raiju!!
You kill the raiju!
Trog accepts your kill.
Your base Staves skill increases to level 6!
Your Stealth skill increases to level 3!
You bludgeon the raiju!! You headbutt the raiju.
The raiju is heavily wounded.
The raiju bites you but does no damage.
You hit the raiju. You headbutt the raiju.
The raiju is severely wounded.
You thump the raiju!
You kill the raiju!
Trog accepts your kill.
The wretched star glows turbulently.
The lance of force hits you!
You die...

.###.###.# # #
... #...... ..
.#.##.....###...
∩...#.##.....#..
#...#...#....#.
#..#∩#*.#.. ..
####....#.#..#
#...§##..#. ##
#..###@#.. #.. .
.#...†#.##..#
##.#.#~~~#.# # #
.. ###.## ..# .#
... .# .#.. .
###.#


You could see a wretched star.

Vanquished Creatures
  The ghost of zenocrate the Cudgeller, a novice GrGl of Makhleb (D:6)
  3 raiju (Abyss:1)
  A wraith (D:5)
  A ynoxinul (Abyss:1)
  A wyvern (D:6)
  5 yaks
  Edmund (D:4)
  A water moccasin (D:5)
  3 sky beasts (D:6)
  A black bear (D:5)
  2 scorpions
  3 bullfrogs
  A gnoll sergeant (D:6)
  A quasit (D:6)
  2 hounds (D:6)
  2 jellies
  3 iguanas
  An orc wizard (D:6)
  Robin (D:3)
  3 gnolls (D:6)
  7 adders
  A shadow imp (D:6)
  A white imp (D:6)
  2 ufetubi
  4 dart slugs
  13 orcs
  5 ball pythons
  3 endoplasms
  6 giant cockroaches
  13 goblins
  6 hobgoblins
  3 jackals (D:4)
  10 kobolds
  A quokka (D:1)
  7 bats
  A frilled lizard (D:2)
  13 rats
133 creatures vanquished.

Vanquished Creatures (others)
  2 fungi (D:2)
  2 plants (D:2)
4 creatures vanquished.

Grand Total: 137 creatures vanquished

Notes
Turn   | Place    | Note
-------+----------+-------------------------------------------
     0 | D:1      | MeatBomb the Minotaur Berserker began the quest for the
                  | Orb.
     0 | D:1      | Reached XP level 1. HP: 19/19 MP: 0/0
   120 | D:1      | Reached XP level 2. HP: 16/26 MP: 1/1
   577 | D:1      | Reached skill level 5 in Axes
   809 | D:2      | Reached XP level 3. HP: 31/31 MP: 2/2
   891 | D:2      | Reached ** piety under Trog
  1570 | D:2      | Found a faded altar of an unknown god.
  1812 | D:3      | Found a radiant altar of Vehumet.
  1873 | D:3      | Reached XP level 4. HP: 39/39 MP: 3/3
  1888 | D:3      | Noticed Robin
  2108 | D:3      | Reached *** piety under Trog
  2121 | D:3      | Killed Robin
  2218 | D:3      | Found a white marble altar of Elyvilon.
  2395 | D:3      | Found a basalt altar of Yredelemnul.
  2753 | D:4      | Found an iron altar of Okawaru.
  2753 | D:4      | Found a glowing silver altar of Zin.
  2820 | D:4      | Noticed Edmund
  2849 | D:4      | Killed Edmund
  2850 | D:4      | Reached XP level 5. HP: 38/45 MP: 4/4
  3084 | D:4      | Found a shimmering altar of Xom.
  3114 | D:4      | Found a shimmering blue altar of Sif Muna.
  3331 | D:5      | Entered Level 5 of the Dungeon
  3391 | D:5      | Reached skill level 2 in Maces & Flails
  3391 | D:5      | Reached XP level 6. HP: 46/51 MP: 5/5
  3519 | D:5      | Reached skill level 3 in Maces & Flails
  3547 | D:5      | Noticed a wraith
  3551 | D:5      | Killed a wraith
  3552 | D:5      | Reached skill level 5 in Maces & Flails
  3552 | D:5      | Reached XP level 7. HP: 57/57 MP: 6/6
  3645 | D:5      | Noticed a yak
  3645 | D:5      | Noticed a yak
  3645 | D:5      | Noticed a yak
  3660 | D:5      | Killed a yak
  3661 | D:5      | Reached skill level 6 in Maces & Flails
  3661 | D:5      | Noticed a yak
  3665 | D:5      | Killed a yak
  3666 | D:5      | Reached skill level 7 in Maces & Flails
  3666 | D:5      | Noticed a yak
  3668 | D:5      | Killed a yak
  3669 | D:5      | Reached skill level 8 in Maces & Flails
  3708 | D:4      | Killed a yak
  3709 | D:4      | Reached XP level 8. HP: 18/64 MP: 7/7
  3973 | D:5      | Reached skill level 9 in Maces & Flails
  4088 | D:5      | Reached skill level 10 in Maces & Flails
  4270 | D:5      | Found a stormy altar of Qazlal.
  4451 | D:5      | Found an ornate altar of the Wu Jian Council.
  4727 | D:6      | Reached skill level 11 in Maces & Flails
  4740 | D:6      | Noticed an ancient zyme
  5049 | D:6      | Reached skill level 12 in Maces & Flails
  5049 | D:6      | Reached XP level 9. HP: 70/70 MP: 8/8
  5052 | D:6      | Reached **** piety under Trog
  5053 | D:6      | Found a transporter.
  5147 | D:6      | Found a transporter.
  5181 | D:6      | Identified the +6 quarterstaff of Uncertain Death {spect,
                  | Dex+4}
  5690 | D:6      | Found a one-way gate to the infinite horrors of the Abyss.
  5691 | D:6      | Noticed zenocrate's ghost (novice GrGl)
  5703 | D:6      | Killed zenocrate's ghost
  5705 | Abyss:1  | Cast into level 1 of the Abyss (orc warrior)
  5790 | Abyss:1  | Reached skill level 5 in Staves
  5794 | Abyss:1  | Noticed a wretched star
  5795 | Abyss:1  | HP: 2/105 [raiju/living lightning (12)]
  5799 | Abyss:1  | Killed from afar by a wretched star

Illustrated notes

Levels and vault maps discovered:
D:1:      minmay_arrival_three_doors, layout_rooms,
          chequers_serial_rivers_small_b
D:2:      layout_basic, shapermc_ecumenical_altar_ellora
D:3:      layout_rooms, vehumet_crystals, mainiacjoe_overflow_six_doors_small,
          elyvilon_altar_1, uniq_robin
D:4:      layout_cave_pools, mainiacjoe_overflow_big_doors,
          chequers_temple_overflow_statue_of_worship, uniq_edmund
D:5:      layout_basic, nicolae_overflow_crystal_walls,
          mainiacjoe_overflow_chevrons, grunt_decor_one_mirror
D:6:      layout_loops_corners, gammafunk_ghost_abyssal_escape
Abyss:1:  base:
Temple

Skill      XL: |  1  2  3  4  5  6  7  8  9 |
---------------+----------------------------+-----
Axes           | 4 5 8 |  8.0
Maces & Flails | 2 5 8 12 | 12.8
Staves         | 6 |  6.0
Stealth        | 3 |  3.1
Fighting       | |  3.6
Armour         | |  2.4
Dodging        | |  2.1

Action                   |  1- 3 |  4- 6 |  7- 9 || total
-------------------------+-------+-------+-------++-------
Melee: Hand axe          |   101 |    75 |       ||   176
       Headbutt          |    13 |    10 |    20 ||    43
       Punch             |     1 |       |       ||     1
       Dire flail        |       |    17 |    86 ||   103
       Quarterstaff      |       |       |    27 ||    27
 Fire: Sling             |       |     8 |     3 ||    11
Throw: Stone             |     2 |     2 |    17 ||    21
       Boomerang         |       |     7 |    33 ||    40
Invok: Berserk           |       |     3 |     4 ||     7
  Use: Scroll            |       |    10 |       ||    10
       Potion            |       |       |     3 ||     3
Armor: Animal skin       |     1 |       |       ||     1
       Chain mail        |    35 |       |       ||    35
       Ring mail         |     2 |     1 |    24 ||    27
       Plate armour      |     1 |    49 |       ||    50
Dodge: Dodged            |    54 |    34 |    63 ||   151
